[Event "Team 45 45 League T51"]
[Site "Internet Chess Club"]
[Date "2011.12.18"]
[Round "6"]
[White "kabindra"]
[Black "azbycx"]
[Result "1-0"]
[WhiteElo "1714"]
[BlackElo "1810"]
[Opening "Scandinavian defense"]
[ECO "B01"]
[Time "14:02:20"]
[TimeControl "2700+45"]

1. e4 d5 2. exd5 Nf6 3. Nc3 Nxd5 4. Nxd5 Qxd5 5. Nf3 g6 6. Be2 Bg7 7. c3 O-O 8.
d4 c5 9. dxc5 Qxc5 10. O-O Nc6 11. Be3 Qa5 12. Qc1 Be6 13. Bh6 Rfd8 14. Bxg7
Kxg7 15. b4 Qc7 16. c4 f6 17. b5 Nd4 18. Nxd4 Rxd4 19. Qc3 Rad8 20. c5 R4d5 21.
Rfc1 Rc8 22. c6 bxc6 23. bxc6 Rd6 24. Bf3 Bd5 25. Bxd5 Rxd5 26. Rc2 Qd6 27. g3
Rc7 28. Kg2 Rb5 29. a4 Rb6 30. Rac1 Rbxc6 31. Qxc6 Rxc6 32. Rxc6 Qd5+ 33. Kg1
Qa5 34. Rc7 Kf8 35. R1c4 Qe1+ 36. Kg2 Qd1 37. R7c5 Qd6 38. a5 Ke8 39. Rc3 Qd4
40. Rc8+ Kf7 41. h4 Qd5+ 42. Kh2 Qxa5 43. R3c5 Qe1 44. Rc2 a5 45. R8c3 Qd1 46.
Ra2 h6 47. Rca3 g5 48. hxg5 hxg5 49. Rxa5 g4 50. R2a4 Qf3 51. Rf4 Qe2 52. Raa4
e5 53. Rae4 Qb2 54. Rb4 Qd2 55. Rb7+ Kg6 56. Rxg4+ Kf5 57. Rgg7 Qxf2+ 58. Kh1
Qf1+ 59. Kh2 e4 60. Rb2 Qc1 61. Rf2+ Ke5 62. Re7+ Kd6 63. Rxe4 Qh6+ 64. Kg2 Kd5
65. Ref4 Ke5 66. Re2+ Kd5 67. Rf5+ Kd4 68. Ref2 Qh7 69. R2f4+ Ke3 70. Rxf6 Qc2+
71. Rf2 Qe4+ 72. R6f3+ Kd4 73. Rd2+ Kc4 74. Kf2 Qh7 75. Rf4+ Kc3 76. Rdd4 Qh2+
77. Kf3 Qh5+ 78. Ke3 Qe5+ 79. Rde4 Qg5 80. Rc4+ Kb3 81. Kf3 Qh5+ 82. Ke3 Qg5 83.
Kf2 Qh5 84. Rh4 Qf5+ 85. Rcf4 Qc2+ 86. Kf3 Qd1+ 87. Kg2 Qd5+ 88. Rf3+ Kc2 89.
Rf4 Kd1 90. g4 Qd2+ 91. Rf2 Qd5+ 92. Kg3 Qd3+ 93. R2f3 Qd6 94. g5 Qc5 95. Kg4
Qg1+ 96. Kh5 Qh1+ 97. Kg6 Qh8 98. Rf8 Qe5 99. R3f5 Qe6+ 100. R5f6 Qe4+ 101. Kg7
Qe5 102. g6 Qe7+ 103. R8f7 Qe5 104. Kg8 Qe8+ 105. Kh7 Qe5 106. Kh8 Qh2+ 107. Kg8
Qb8+ 108. Rf8 Qb3+ 109. R6f7 Qe6 110. g7 Qd5 111. Re8 Kd2 112. Kf8 Qd6+ 113.
Rfe7 Qf6+ 114. Kg8 Qd6 115. Re6 Qd5 116. Kf7 Qf3+ 117. Rf6 Qh5+ 118. Kf8 Qc5+
119. Kg8 Qd5+ 120. Ree6 Qc4 121. Kh8 Qh4+ 122. Rh6 {Black resigns} 1-0

[Event "Team 45 45 League T51"]
[Site "Internet Chess Club"]
[Date "2011.12.17"]
[Round "6"]
[White "chesskix"]
[Black "rookmaster23"]
[Result "1-0"]
[WhiteElo "1535"]
[BlackElo "1520"]
[Opening "English opening"]
[ECO "A05"]
[Time "10:00:31"]
[TimeControl "2700+45"]

1. Nf3 Nf6 2. c4 g6 3. Nc3 Bg7 4. g3 O-O 5. Bg2 d6 6. O-O Nbd7 7. d3 e5 8. Ng5
c6 9. Bd2 a5 10. a3 Nc5 11. Rb1 a4 12. Nge4 Nfxe4 13. Nxe4 Nb3 14. Bc3 Re8 15.
Nd2 Nc5 16. Bb4 Na6 17. Bc3 f5 18. Qxa4 Bd7 19. Qc2 Nc5 20. Bb4 Na4 21. Bxd6 Be6
22. Bb4 Qd7 23. Nb3 f4 24. Nc5 Nxc5 25. Bxc5 Bh3 26. Rfe1 fxg3 27. hxg3 h5 28.
Kh2 Bxg2 29. Kxg2 h4 30. Rh1 g5 31. Be3 Qg4 32. Rh3 Rf8 33. f3 Qh5 34. g4 Qe8
35. Bxg5 Bf6 36. Bxf6 Rxf6 37. Rxh4 {Black resigns} 1-0

[Event "Team 45 45 League T51"]
[Site "Internet Chess Club"]
[Date "2011.12.19"]
[Round "6"]
[White "milesotoole"]
[Black "Bible-Believer"]
[Result "1/2-1/2"]
[WhiteElo "1528"]
[BlackElo "1504"]
[Opening "Paleface attack"]
[ECO "A45"]
[Time "21:19:18"]
[TimeControl "2700+45"]

1. d4 Nf6 2. f3 c5 3. c3 cxd4 4. cxd4 d5 5. Nc3 Nc6 6. e4 dxe4 7. fxe4 Qxd4 8.
Nf3 Qxd1+ 9. Nxd1 Nxe4 10. Bc4 Bg4 11. O-O e5 12. Bxf7+ Kxf7 13. Nxe5+ Kg8 14.
Nxg4 Bc5+ 15. Be3 Bxe3+ 16. Ndxe3 h5 17. Nf2 Nxf2 18. Rxf2 Re8 19. Nf5 Re6 20.
Rd1 g6 21. Nd6 Rh7 22. Nb5 a6 23. Nc3 Rhe7 24. Nd5 Rf7 25. Nf4 Ref6 26. g3 g5
27. Nd3 Rxf2 28. Nxf2 Kf8 29. Nh3 Rg7 30. Rd5 Nb4 31. Rf5+ Ke7 32. Nxg5 Nxa2 33.
Rc5 Kf6 34. Ne4+ Kg6 35. Rg5+ Kh6 36. Rxg7 Kxg7 37. Nc5 Nb4 38. Nxb7 Kf6 39. h3
Ke5 40. Kg2 Kd5 41. Kf3 Nd3 42. b3 Ne5+ 43. Kf4 Nd3+ 44. Kg5 Nf2 45. h4 Ne4+ 46.
Kf4 Nf2 47. b4 Kc4 48. Kg5 Ne4+ 49. Kxh5 Nxg3+ 50. Kg4 Ne4 51. Kf5 Ng3+ 52. Kf4
Nh5+ 53. Kg5 Ng3 54. Nd6+ Kxb4 55. Nf5 a5 56. Nxg3 a4 57. Ne2 a3 58. Nc1 Kc3 59.
h5 Kb2 60. h6 Kxc1 61. h7 a2 62. h8=Q Kb1 63. Qh1+ Kb2 64. Qg2+ Kb1 65. Qe4+ Kb2
66. Qe5+ Kb1 67. Qf5+ Kb2 68. Qf2+ Kb1 69. Qe1+ Kb2 70. Qd2+ Kb1 71. Qd3+ Kb2
72. Qb5+ Ka1 73. Qe2 Kb1 74. Qb5+ Ka1 75. Qf1+ Kb2 76. Qf2+ Kb1 77. Qe1+ Kb2 78.
Qd2+ Kb1 79. Qd3+ Kb2 80. Qb5+ Ka1 {Game drawn by repetition} 1/2-1/2

[Event "Team 45 45 League T51"]
[Site "Internet Chess Club"]
[Date "2011.12.18"]
[Round "6"]
[White "mrmarck"]
[Black "chicopee-ed"]
[Result "1/2-1/2"]
[WhiteElo "1326"]
[BlackElo "1352"]
[Opening "QGD Slav: 4.e3"]
[ECO "D11"]
[Time "10:08:37"]
[TimeControl "2700+45"]

1. d4 d5 2. c4 c6 3. Nf3 Nf6 4. e3 e6 5. Be2 Nbd7 6. O-O dxc4 7. Bxc4 b5 8. Bb3
Bd6 9. a3 Bb7 10. Nbd2 O-O 11. Ba2 c5 12. dxc5 Nxc5 13. b4 Nd3 14. Qe2 Nxc1 15.
Raxc1 a6 16. h3 Qd7 17. Rc3 Rac8 18. Rfc1 Rxc3 19. Rxc3 Rc8 20. Rxc8+ Qxc8 21.
Qd1 Qc6 22. Bb1 g6 {Game drawn by mutual agreement} 1/2-1/2

[Event "Team 45 45 League T51"]
[Site "Internet Chess Club"]
[Date "2011.12.17"]
[Round "6"]
[White "Just-Jim"]
[Black "PT105"]
[Result "1-0"]
[WhiteElo "1349"]
[BlackElo "1302"]
[Opening "King's gambit"]
[ECO "C30"]
[Time "12:00:30"]
[TimeControl "2700+45"]

1. e4 e5 2. f4 Nc6 3. Nf3 d6 4. d4 Bg4 5. dxe5 dxe5 6. Qxd8+ Rxd8 7. Be2 Bxf3 8.
Bxf3 Nd4 9. Bd1 Nf6 10. c3 Nc6 11. Bc2 Bd6 12. O-O O-O 13. b4 Rfe8 14. Na3 exf4
15. Bxf4 Nxe4 16. Bxd6 Rxd6 17. Bb3 Re7 18. Rfe1 Nxc3 19. Rxe7 Nxe7 20. Re1 Kf8
21. Re3 Nd1 22. Rf3 Ke8 23. Nb5 Rd7 24. Bxf7+ Kd8 25. Be6 Nd5 26. Bxd7 Kxd7 27.
Rd3 Ne3 28. Nc3 c6 29. Nxd5 Nxd5 30. Kf2 Ke6 31. a3 b6 32. Rd4 c5 33. bxc5 bxc5
34. Rc4 Kd6 35. Kf3 Nb6 36. Rh4 h6 37. Rg4 c4 38. Ke2 Kc5 39. Rxg7 a5 40. Rh7 c3
41. Kd3 Na4 42. Rxh6 Kb5 43. Rh5+ Kb6 44. Kc2 Ka6 45. g4 Kb6 46. g5 Kb5 47. g6+
Kc4 48. g7 {Black resigns} 1-0

[Event "Team 45 45 League T51"]
[Site "Internet Chess Club"]
[Date "2011.12.22"]
[Round "6"]
[White "BotanicalKnight"]
[Black "Ostap-Bender"]
[Result "1-0"]
[WhiteElo "1523"]
[BlackElo "1376"]
[Opening "Sicilian: closed, 6.f4"]
[ECO "B25"]
[Time "19:03:12"]
[TimeControl "2700+45"]

1. e4 c5 2. Nc3 Nc6 3. g3 g6 4. Bg2 Bg7 5. d3 d6 6. f4 Nf6 7. Nf3 Bg4 8. h3 Bxf3
9. Bxf3 O-O 10. O-O e5 11. g4 Re8 12. f5 Qd7 13. Be3 Nd4 14. Bg2 h6 15. fxg6
fxg6 16. Bxh6 Nxg4 17. hxg4 Bxh6 18. Nd5 Bg7 19. c3 Ne6 20. Rf6 Kh7 21. Qf3 Rf8
22. Qh3+ Bh6 23. g5 {Black resigns} 1-0

[Event "Team 45 45 League T51"]
[Site "Internet Chess Club"]
[Date "2011.12.20"]
[Round "6"]
[White "Zyme"]
[Black "The-Capitalist"]
[Result "0-1"]
[WhiteElo "1330"]
[BlackElo "1414"]
[Opening "Nimzo-Indian defense"]
[ECO "E20"]
[Time "21:00:08"]
[TimeControl "2700+45"]

1. d4 Nf6 2. c4 e6 3. Nc3 Bb4 4. Bd2 O-O 5. Nf3 b6 6. g3 Bb7 7. Bg2 c5 8. Nb5
Ne4 9. dxc5 Nxd2 10. a3 Nxf3+ {White resigns} 0-1

[Event "Team 45 45 League T51"]
[Site "Internet Chess Club"]
[Date "2011.12.16"]
[Round "6"]
[White "PostMike"]
[Black "AtomicDog"]
[Result "1-0"]
[WhiteElo "1436"]
[BlackElo "1329"]
[Opening "Sicilian: Najdorf, Byrne (English) attack"]
[ECO "B90"]
[Time "14:31:10"]
[TimeControl "2700+45"]

1. e4 c5 2. Nf3 d6 3. d4 cxd4 4. Nxd4 Nf6 5. Nc3 a6 6. Be3 e6 7. Be2 Be7 8. O-O
O-O 9. Qd3 b6 10. a4 Bb7 11. f3 d5 12. exd5 Nxd5 13. Nxd5 Bxd5 14. c4 Bb7 15.
Rfd1 Nc6 16. Nxc6 Bxc6 17. Qc3 Qc7 18. b4 Bf6 19. Bd4 e5 20. Be3 Rfd8 21. b5 e4
22. Bd4 Bxd4+ 23. Rxd4 Rxd4 24. Qxd4 Rd8 25. Qe3 exf3 26. gxf3 Re8 27. Qd3 Qe5
28. Rd1 Bb7 29. Bf1 g5 30. Bg2 Qf4 31. Qf1 Re6 32. Rd7 Qe3+ 33. Kh1 Bxf3 34.
Qxf3 Qc1+ 35. Bf1 Qf4 36. Qxf4 gxf4 37. bxa6 f3 38. Kg1 Rg6+ 39. Kf2 {Black
resigns} 1-0

[Event "Team 45 45 League T51"]
[Site "Internet Chess Club"]
[Date "2011.12.20"]
[Round "6"]
[White "tsia68"]
[Black "vael"]
[Result "1/2-1/2"]
[WhiteElo "1804"]
[BlackElo "1812"]
[Opening "Sicilian: closed, 6.f4"]
[ECO "B25"]
[Time "17:00:17"]
[TimeControl "2700+45"]

1. e4 c5 2. Nc3 Nc6 3. g3 g6 4. Bg2 Bg7 5. d3 d6 6. f4 e6 7. Nf3 Nge7 8. O-O O-O
9. Be3 Nd4 10. Rb1 Nec6 11. Ne2 Nxf3+ 12. Bxf3 b6 13. c3 Bb7 14. d4 Qe7 15. Bg2
cxd4 16. Nxd4 Nxd4 17. Bxd4 e5 18. Be3 exf4 19. Bxf4 Be5 20. Qd2 Rad8 21. Rbd1
Qe6 22. a3 Rfe8 23. Rfe1 Qc4 24. Qe3 Qb5 {Game drawn by mutual agreement}
1/2-1/2

[Event "Team 45 45 League T51"]
[Site "Internet Chess Club"]
[Date "2011.12.17"]
[Round "6"]
[White "Duguesclin"]
[Black "TwoEqualsOne"]
[Result "1-0"]
[WhiteElo "1576"]
[BlackElo "1649"]
[Opening "Grünfeld: 5.e3"]
[ECO "D94"]
[Time "17:00:45"]
[TimeControl "2700+45"]

1. d4 Nf6 2. c4 g6 3. Nc3 d5 4. Nf3 Bg7 5. e3 O-O 6. cxd5 Nxd5 7. Bc4 Nxc3 8.
bxc3 Nc6 9. Ba3 Na5 10. Bd3 Re8 11. Qa4 Nc6 12. Bc4 Bd7 13. Qb3 e6 14. Qc2 Qf6
15. O-O Na5 16. Bd3 Nc6 17. Rab1 b6 18. c4 Na5 19. Ne5 Qd8 20. Rfd1 Nc6 21. Be4
Bxe5 22. dxe5 Qg5 23. Rxd7 Nxe5 24. Bxa8 Nxd7 25. Bc6 Rd8 26. f4 Qf6 27. Rd1 Nb8
28. Rxd8+ Qxd8 29. Bf3 Qf6 30. Bb2 Qh4 31. Qc3 Kf8 32. g3 {Black resigns} 1-0

[Event "Team 45 45 League T51"]
[Site "Internet Chess Club"]
[Date "2011.12.18"]
[Round "6"]
[White "MasterOfTheKeys"]
[Black "room-matt"]
[Result "0-1"]
[WhiteElo "1638"]
[BlackElo "1761"]
[Opening "Ruy Lopez: Schliemann defense deferred"]
[ECO "C70"]
[Time "11:05:11"]
[TimeControl "2700+45"]

1. e4 e5 2. Nf3 Nc6 3. Bb5 a6 4. Ba4 f5 5. c3 Nf6 6. Bxc6 bxc6 7. Nxe5 Bd6 8.
Nc4 fxe4 9. Nxd6+ cxd6 10. O-O O-O 11. d4 d5 12. Bg5 d6 13. h3 h6 14. Bh4 Qc7
15. Nd2 Bf5 16. Rc1 Qa5 17. a3 Rab8 18. Bg3 Ne8 19. c4 Rxb2 20. cxd5 Rxd2 21.
Qb3 Rd3 22. Qb7 e3 23. dxc6 Qd5 24. Qxa6 Qxd4 25. c7 Nxc7 26. Rxc7 e2 27. Re1
Rxg3 28. Rc4 Bd3 29. Rxd4 Bxa6 30. fxg3 Rf1+ 31. Kh2 Rxe1 32. Rxd6 Rf1 {White
resigns} 0-1

[Event "Team 45 45 League T51"]
[Site "Internet Chess Club"]
[Date "2011.12.17"]
[Round "6"]
[White "koni"]
[Black "Stryker672"]
[Result "0-1"]
[WhiteElo "1860"]
[BlackElo "1995"]
[Opening "English opening"]
[ECO "A05"]
[Time "08:00:36"]
[TimeControl "2700+45"]

1. Nf3 Nf6 2. c4 e6 3. Nc3 d5 4. cxd5 exd5 5. d4 c6 6. Bg5 Bd6 7. Qc2 h6 8. Bh4
O-O 9. e3 Re8 10. Bd3 Be7 11. h3 Ne4 12. Bxe7 Qxe7 13. Ne5 Nxc3 14. Qxc3 Nd7 15.
Nxd7 Bxd7 16. O-O Qg5 17. Kh2 Bf5 18. Bxf5 Qxf5 19. b4 Qd7 20. Rab1 a6 21. a4
Rec8 22. Kh1 Kf8 23. Qb3 b5 24. axb5 cxb5 25. Rfc1 Rc4 26. Rc2 Rac8 27. Ra2 Qd6
28. Kg1 Rc1+ {White resigns} 0-1

[Event "Team 45 45 League T51"]
[Site "Internet Chess Club"]
[Date "2011.12.16"]
[Round "6"]
[White "CzwartyWymiar"]
[Black "kabindra"]
[Result "1-0"]
[WhiteElo "1831"]
[BlackElo "1719"]
[Opening "KGA: bishop's gambit"]
[ECO "C33"]
[Time "12:00:29"]
[TimeControl "2700+45"]

1. e4 e5 2. f4 exf4 3. Bc4 Qh4+ 4. Kf1 d6 5. Nc3 c6 6. Nf3 Qh5 7. d4 Nf6 8. Bxf4
Be7 9. e5 dxe5 10. dxe5 Nfd7 11. e6 fxe6 12. Bxe6 Na6 13. Bd6 Nac5 14. Bxe7 Nxe6
15. Qd6 Qf7 16. Re1 Nb6 17. Bh4 Nc4 18. Qb4 Nd2+ 19. Ke2 Nxf3 20. gxf3 g5 21.
Bg3 c5 22. Qe4 O-O 23. Rhf1 b6 24. Kd1 Ba6 25. Rf2 Nd4 26. Nd5 Nf5 27. Be5 Rad8
28. Rd2 Rxd5 29. Qxd5 Qxd5 30. Rxd5 Bc4 31. Rd7 a5 32. b3 Be6 33. Rb7 Bd5 34.
Rxb6 Bxf3+ 35. Kc1 h5 36. Rg6+ Kh7 37. Rxg5 Bg4 38. Bc3 Rf7 39. h3 Bf3 40. Re5
Nd6 41. Re6 Ne4 42. Rxe4 Bxe4 43. Rxh5+ Kg6 44. Rxc5 Rf1+ 45. Kb2 Rf3 46. h4 Rf2
47. Bxa5 Bf5 48. a4 Kh5 49. Bd8 Kg4 50. a5 Be4 51. b4 Kf3 52. a6 Rd2 53. Bg5 Rd6
54. b5 Rb6 55. c4 Ke2 56. Kc3 Rd6 57. Re5 Kf3 58. Rxe4 Kxe4 59. a7 {Black
resigns} 1-0

[Event "Team 45 45 League T51"]
[Site "Internet Chess Club"]
[Date "2011.12.20"]
[Round "6"]
[White "Portola"]
[Black "rahulr"]
[Result "1-0"]
[WhiteElo "1768"]
[BlackElo "1585"]
[Opening "Queen's pawn game"]
[ECO "A46"]
[Time "10:02:51"]
[TimeControl "2700+45"]

1. d4 Nf6 2. Nf3 e6 3. Bf4 c5 4. e3 b6 5. h3 Bb7 6. c3 Be7 7. Bd3 O-O 8. Nbd2
cxd4 9. exd4 Re8 10. Qe2 d6 11. O-O Nbd7 12. Rfe1 e5 13. dxe5 dxe5 14. Nxe5 Nxe5
15. Bxe5 Bd6 16. f4 Bc5+ 17. Kh2 Nd5 18. Qh5 g6 19. Qh6 Rxe5 20. fxe5 Nxc3 21.
Bc4 Nd5 22. Ne4 Qf8 23. Qxf8+ Kxf8 24. Nxc5 bxc5 25. Rad1 Nf4 26. Rf1 {Black
resigns} 1-0

[Event "Team 45 45 League T51"]
[Site "Internet Chess Club"]
[Date "2011.12.17"]
[Round "6"]
[White "Signalman"]
[Black "cys456"]
[Result "0-1"]
[WhiteElo "1512"]
[BlackElo "1636"]
[Opening "Sicilian defense"]
[ECO "B20"]
[Time "10:04:26"]
[TimeControl "2700+45"]

1. e4 c5 2. b3 Nc6 3. Bb2 d6 4. Nc3 Nf6 5. Bc4 e6 6. Qe2 Nd4 7. Bb5+ Bd7 8.
Bxd7+ Nxd7 9. Qd3 Ne5 10. Qg3 Nxc2+ 11. Kd1 Nxa1 12. Bxa1 Ng6 13. f4 Qh4 14. Qd3
a6 15. g3 Qd8 16. Nf3 e5 17. Nd5 Ne7 18. Ng5 h6 19. Nf3 Rc8 20. Ke2 b5 21. Rc1
Nc6 22. a3 Nd4+ 23. Kf2 Be7 24. fxe5 dxe5 25. Nxe5 Bf6 26. Bxd4 cxd4 27. Nc6 Qd6
28. Ndb4 O-O 29. Rc2 Be7 30. e5 Qd7 31. Nxe7+ Qxe7 32. Nc6 Qd7 33. Qxd4 Qf5+ 34.
Qf4 Qxc2 35. Ne7+ Kh8 36. Nxc8 Qxc8 {White resigns} 0-1

[Event "Team 45 45 League T51"]
[Site "Internet Chess Club"]
[Date "2011.12.18"]
[Round "6"]
[White "DarkFlow"]
[Black "kidviper"]
[Result "1/2-1/2"]
[WhiteElo "1855"]
[BlackElo "1953"]
[Opening "English opening"]
[ECO "A10"]
[Time "13:04:14"]
[TimeControl "2700+45"]

1. c4 Nc6 2. d4 e5 3. d5 Nce7 4. Nc3 Ng6 5. g3 Nf6 6. Bg2 Bc5 7. Nf3 d6 8. e4
O-O 9. O-O Ne8 10. Na4 f5 11. Nxc5 dxc5 12. exf5 Bxf5 13. Bg5 Qd7 14. Qe2 Nd6
15. Nd2 b6 16. Ne4 Rae8 17. Nxd6 cxd6 18. Be4 Bxe4 19. Qxe4 Qf7 20. Rae1 h6 21.
Bd2 Qf5 22. f4 Qxe4 23. Rxe4 exf4 24. Rxe8 Rxe8 25. Bxf4 Nxf4 26. Rxf4 Re2 27.
Rf2 Rxf2 28. Kxf2 Kf7 29. Kf3 Kf6 30. Ke4 Kg5 31. h3 g6 32. Ke3 h5 33. Kf3 Kf5
34. Ke3 Ke5 35. h4 a6 36. a4 b5 37. axb5 axb5 38. b3 b4 39. Kd3 Kf5 40. Ke3 g5
41. Kf3 Kg6 {Game drawn by mutual agreement} 1/2-1/2

[Event "Team 45 45 League T51"]
[Site "Internet Chess Club"]
[Date "2011.12.20"]
[Round "6"]
[White "Tamarin"]
[Black "pishd"]
[Result "1-0"]
[WhiteElo "1808"]
[BlackElo "1653"]
[Opening "QGD: Charousek (Petrosian) variation"]
[ECO "D31"]
[Time "03:50:05"]
[TimeControl "2700+45"]

1. d4 d5 2. c4 e6 3. Nc3 Be7 4. cxd5 exd5 5. Bf4 c6 6. e3 Nf6 7. Nf3 O-O 8. Be2
Re8 9. Rc1 Bd6 10. Bg3 Bxg3 11. hxg3 Nbd7 12. Qd2 Ne4 13. Qc2 Qa5 14. Nd2 Ndf6
15. Ndxe4 dxe4 16. O-O Bf5 17. Bc4 Bg6 18. Rfd1 Qh5 19. Be2 Qa5 20. Qb3 Qb6 21.
Qxb6 axb6 22. a3 Red8 23. Bc4 Ra5 24. d5 b5 25. dxc6 Rf8 26. Bxb5 bxc6 27. Bxc6
Rc8 28. Bxe4 Nxe4 29. Nxe4 Rxc1 30. Rxc1 h6 31. Rc8+ Kh7 32. Nc3 Bf5 33. Rc7 Be6
34. Rb7 Kg6 35. a4 Rc5 36. Rb5 Rc4 37. Kf1 Bd7 38. Rb6+ Kf5 39. a5 Rc5 40. a6
Ra5 41. b4 Ra3 42. Nb5 Ke4 43. Nxa3 {Black resigns} 1-0

[Event "Team 45 45 League T51"]
[Site "Internet Chess Club"]
[Date "2011.12.19"]
[Round "6"]
[White "timothysmall56"]
[Black "Schack"]
[Result "0-1"]
[WhiteElo "1429"]
[BlackElo "1660"]
[Opening "Two knights defense"]
[ECO "C56"]
[Time "21:06:06"]
[TimeControl "2700+45"]

1. e4 e5 2. Nf3 Nc6 3. Bc4 Nf6 4. d4 exd4 5. O-O Nxe4 6. Re1 d5 7. Bd3 f5 8. Bg5
Be7 9. Bxe7 Qxe7 10. Nfd2 Be6 11. f3 Nd6 12. Qe2 Kd7 13. Nb3 b6 14. c3 dxc3 15.
Nxc3 Nb4 16. Nd4 Rae8 17. a3 Nxd3 18. Qxd3 Qf6 19. Nxe6 Rxe6 20. Rxe6 Qxe6 21.
Nxd5 Re8 22. Rc1 c6 23. Nb4 c5 24. Nd5 Qe2 25. Qc3 Re5 26. Qb3 Rxd5 {White
resigns} 0-1

[Event "Team 45 45 League T51"]
[Site "Internet Chess Club"]
[Date "2011.12.16"]
[Round "6"]
[White "az2112"]
[Black "Dracoac"]
[Result "1-0"]
[WhiteElo "1766"]
[BlackElo "1677"]
[Opening "Sicilian defense"]
[ECO "B40"]
[Time "21:39:51"]
[TimeControl "2700+45"]

1. e4 c5 2. Nf3 e6 3. d3 d5 4. Nbd2 Nc6 5. g3 Nf6 6. Bg2 g6 7. O-O Bg7 8. c3 b6
9. Re1 Bb7 10. e5 Nd7 11. d4 Qc7 12. Nf1 Rc8 13. Bf4 O-O 14. h4 c4 15. N1h2 b5
16. a3 Na5 17. Ng4 Nb3 18. Rb1 Bc6 19. Qc2 Qb7 20. h5 a5 21. hxg6 hxg6 22. Ng5
b4 23. Nxe6 fxe6 24. Qxg6 Rxf4 25. gxf4 Kh8 26. Re3 Nb6 27. Rh3+ Kg8 28. Nf6+
Kf8 29. Nh7+ Kg8 30. Ng5 Re8 31. Rh8+ Kxh8 32. Qh7# {Black checkmated} 1-0

[Event "Team 45 45 League T51"]
[Site "Internet Chess Club"]
[Date "2011.12.19"]
[Round "6"]
[White "BrerRabbit"]
[Black "clarinetref"]
[Result "0-1"]
[WhiteElo "1498"]
[BlackElo "1665"]
[Opening "English: symmetrical variation"]
[ECO "A37"]
[Time "19:02:55"]
[TimeControl "2700+45"]

1. c4 c5 2. g3 g6 3. Bg2 Bg7 4. Nc3 Nc6 5. Nf3 e6 6. d3 Nge7 7. Bg5 h6 8. Bd2
O-O 9. a3 d5 10. Rb1 b6 11. b4 cxb4 12. axb4 Bb7 13. Qc1 Kh7 14. O-O Nf5 15.
cxd5 exd5 16. Nxd5 Ncd4 17. Ne3 Nxe2+ {White resigns} 0-1

[Event "Team 45 45 League T51"]
[Site "Internet Chess Club"]
[Date "2011.12.14"]
[Round "6"]
[White "charles-allen"]
[Black "fledermaus"]
[Result "0-1"]
[WhiteElo "1891"]
[BlackElo "1973"]
[Opening "Sicilian"]
[ECO "B50"]
[Time "14:33:41"]
[TimeControl "2700+45"]

1. e4 c5 2. Nf3 d6 3. Bc4 e6 4. O-O Be7 5. c3 Nf6 6. Re1 O-O 7. e5 dxe5 8. Nxe5
Qc7 9. Na3 a6 10. Qf3 b5 11. Bf1 Bb7 12. Qh3 Nc6 13. Nf3 Nd5 14. d4 cxd4 15.
cxd4 Nf4 16. Qg4 Bd6 17. g3 Ng6 18. h4 Nce7 19. Ng5 Qc6 20. f3 h6 21. Nxf7 Rxf7
22. Rxe6 Bc8 23. h5 Bxe6 24. Qxe6 Nf8 25. Qg4 Qxf3 {White resigns} 0-1

[Event "Team 45 45 League T51"]
[Site "Internet Chess Club"]
[Date "2011.12.19"]
[Round "6"]
[White "gerailen0075"]
[Black "McKnights"]
[Result "1-0"]
[WhiteElo "1804"]
[BlackElo "1829"]
[Opening "Sicilian: Labourdonnais-Löwenthal (Kalashnikov) variation"]
[ECO "B32"]
[Time "20:00:19"]
[TimeControl "2700+45"]

1. e4 c5 2. Nf3 Nc6 3. d4 cxd4 4. Nxd4 e5 5. Nb5 d6 6. N1c3 a6 7. Na3 Nf6 8. Nc4
Be7 9. Bd3 Be6 10. Ne3 d5 11. exd5 Nxd5 12. Ncxd5 Bxd5 13. Nxd5 Qxd5 14. O-O Rd8
15. Qg4 O-O 16. Bh6 Bf6 17. Qf5 e4 18. Qxd5 Rxd5 19. Bxe4 Rc5 20. Be3 Rc4 21.
Bd3 Rh4 22. c3 Ne5 23. Be2 Re8 24. Bd4 Nd7 25. Bxf6 Nxf6 26. Bf3 Re7 27. Rfe1
Rxe1+ 28. Rxe1 b6 29. Re7 g6 30. Rb7 Ra4 31. a3 b5 32. Bd1 Re4 33. Kf1 Re6 34.
Bb3 Rd6 35. Rxf7 Kh8 36. Re7 Rd2 37. Re2 Rd8 38. Ke1 Kg7 39. Re7+ Kh6 40. Re6
Nd7 41. Bc2 Nc5 42. Rc6 Rd5 43. Ke2 a5 44. b4 axb4 45. axb4 Nd7 46. Bb3 Re5+ 47.
Kd2 Rf5 48. Be6 Rxf2+ 49. Ke3 Ne5 50. Kxf2 Nxc6 51. Bd7 Na7 52. Ke3 Kg5 53. Kd4
Kf6 54. Kc5 Ke7 55. Bxb5 Nc8 56. Be2 Nd6 57. Bf3 Kd7 58. b5 Nf5 59. Bg4 Kc7 60.
Bxf5 gxf5 61. Kd5 Kb6 62. c4 f4 63. Kd6 h5 64. h4 Ka5 65. Kc6 Kb4 66. c5 Kc4 67.
b6 Kd4 68. b7 Ke3 69. b8=Q f3 70. Qg3 Ke2 71. Qxf3+ Ke1 72. Qxh5 Kf2 73. Qg4 Kf1
74. h5 Kf2 75. h6 Ke1 76. h7 Kf2 77. h8=B Kf1 78. Kd6 Kf2 79. c6 Kf1 80. c7 Kf2
81. c8=N Kf1 82. Qf3+ Ke1 83. g3 Kd2 84. g4 Kc1 85. g5 Kd2 86. g6 Kc1 87. g7 Kd2
88. g8=B Kc1 89. Be5 Kd2 90. Bh7 Ke1 91. Bg3+ Kd2 92. Bf4+ Ke1 93. Qe3+ Kd1 94.
Qd2# {Black checkmated} 1-0

[Event "Team 45 45 League T51"]
[Site "Internet Chess Club"]
[Date "2011.12.17"]
[Round "6"]
[White "j65536d"]
[Black "vvsi"]
[Result "1/2-1/2"]
[WhiteElo "1803"]
[BlackElo "1697"]
[Opening "KGA: Fischer defense"]
[ECO "C34"]
[Time "21:01:46"]
[TimeControl "2700+45"]

1. e4 e5 2. f4 exf4 3. Nf3 d6 4. Bc4 h6 5. O-O g5 6. d4 Bg7 7. Nc3 Ne7 8. h4 Ng6
9. h5 Ne7 10. Re1 O-O 11. g3 g4 12. Nh4 f3 13. Bf4 Nbc6 14. Be3 Kh7 15. Qd3 Nb4
16. Qd2 f5 17. a3 Nbc6 18. Kf2 fxe4 19. Nxe4 d5 20. Bd3 dxe4 21. Bxe4+ Nf5 22.
Qd3 Ne7 23. c3 Kg8 24. Qc4+ Kh8 25. Bf4 c6 26. Ng6+ Nxg6 27. hxg6 Qf6 28. Rh1
Be6 29. Qd3 Qxg6 30. Rh2 Kg8 31. Rah1 Qf6 32. Rh5 Nxd4 33. Bxh6 Ne2 34. Bg5 Qe5
35. Bh7+ Kh8 36. Bg6+ Kg8 37. Bh7+ {Game drawn by mutual agreement} 1/2-1/2

[Event "Team 45 45 League T51"]
[Site "Internet Chess Club"]
[Date "2011.12.15"]
[Round "6"]
[White "RizwanGill"]
[Black "ChessicalZ"]
[Result "0-1"]
[WhiteElo "1596"]
[BlackElo "1741"]
[Opening "Alekhine's defense: Scandinavian variation"]
[ECO "B02"]
[Time "13:11:09"]
[TimeControl "2700+45"]

1. e4 Nf6 2. Nc3 d5 3. e5 Ne4 4. Nxe4 dxe4 5. Qe2 Bf5 6. g4 Bg6 7. Bg2 Qd5 8. f4
e6 9. Nf3 Be7 10. h4 h5 11. c4 Qc5 12. Ng5 Bxg5 13. hxg5 h4 14. Bxe4 Bxe4 15.
Qxe4 Nc6 16. a3 O-O-O 17. d3 Qd4 18. Qxd4 Nxd4 19. Kd1 Nb3 20. Rb1 Rxd3+ 21. Kc2
Rg3 22. Bd2 Nxd2 23. Kxd2 Rd8+ 24. Ke2 Rxg4 25. Kf3 Rg3+ 26. Kf2 Rd2+ 27. Ke1
Rd4 28. Ke2 Rxf4 29. Rbf1 Rg2+ 30. Ke3 Rxf1 31. Rxf1 Rxg5 32. Rxf7 Rxe5+ 33. Kd4
Rg5 34. c5 h3 35. Rf3 Rh5 36. Rf1 h2 37. Rh1 g5 38. Ke4 Kd7 {White resigns} 0-1

[Event "Team 45 45 League T51"]
[Site "Internet Chess Club"]
[Date "2011.12.16"]
[Round "6"]
[White "BigH"]
[Black "imawesome"]
[Result "1-0"]
[WhiteElo "2246"]
[BlackElo "1858"]
[Opening "Sicilian: accelerated fianchetto, Maróczy bind"]
[ECO "B36"]
[Time "09:14:41"]
[TimeControl "2700+45"]

1. e4 c5 2. Nf3 g6 3. c4 Nc6 4. d4 cxd4 5. Nxd4 Nf6 6. Nc3 d6 7. Nc2 Bg7 8. Be2
O-O 9. O-O Be6 10. Bd2 Nd7 11. Rb1 Nc5 12. f3 Rc8 13. Kh1 Bd7 14. Qc1 Ne5 15. b3
f5 16. Ne3 fxe4 17. Nxe4 Nxe4 18. fxe4 e6 19. Qa3 Bc6 20. Rxf8+ Bxf8 21. Qxa7
Bxe4 22. Rf1 Ra8 23. Qd4 Rxa2 24. Qxe4 Rxd2 25. Ng4 Bg7 26. c5 h5 27. Nxe5 dxe5
28. Bc4 Rd1 29. Qxg6 Rxf1+ 30. Bxf1 Qf6 31. Qe8+ Qf8 32. Qxe6+ Qf7 33. Bc4 Qxe6
34. Bxe6+ Kh8 35. Bd5 Bf8 36. b4 b6 37. c6 Bd6 38. Be4 Kg7 39. Kg1 Kf6 40. Kf2
Ke6 41. b5 Kf6 42. Kf3 Kg5 43. h3 Bc7 44. Bd3 Bd6 45. Ke4 Kf6 46. g3 Bc7 47. Be2
Kg5 48. Kd5 e4 49. Kxe4 Bxg3 50. Kd5 Kf5 51. Bxh5 Bf4 52. Bg4+ Kf6 53. h4 Ke7
54. h5 Kd8 55. Ke6 Kc7 56. Kf5 Be3 57. Kg6 Kd6 58. h6 Kc7 59. Kg7 Bd4+ 60. Kg8
Kd6 61. h7 Kc7 62. h8=Q {Black resigns} 1-0